 Dungeon Crawl Stone Soup version 0.30.1-4-g462c640d31 (webtiles) character file.

Game seed: 16504740769946672565

71417 Anandil the Fighter (level 14, -6/104 (108) HPs)
             Began as a Demonspawn Fighter on Aug 12, 2023.
             Was the Champion of Ru.
             Blown up by an orb spider (38 damage)
             ... with an orb of destruction
             ... on level 1 of the Spider Nest.
             The game lasted 01:04:05 (28385 turns).

Anandil the Fighter (Demonspawn Fighter)           Turns: 28385, Time: 01:04:06

HP:   -6/104 (108)  AC: 25    Str: 16    XL:     14   Next: 97%
MP:   0/12          EV: 22    Int: 10    God:    Ru [******]
Gold: 2191          SH: 12    Dex: 18    Spells: 13/13 levels left

rFire   + . .        c - +8 demon blade (heavy)
rCold   . . .        C - +0 kite shield
rNeg    . . .        d - +2 plate armour {rPois}
rPois   +            (helmet restricted)
rElec   .            B - +1 cloak
rCorr   .            N - +1 pair of gloves
SInv    .            t - +0 pair of boots
Will    +....        o - amulet of the acrobat Stlth
                     y - +4 ring of slaying
HPRegen 0.37/turn    x - ring of protection from fire
MPRegen 0.26/turn

%: acrobat, guardian spirit
@: exhausted, acrobatic, lightly drained, unable to read
A: antennae 1, thin metallic scales 1, frail 1, low MP 1, spiny 2, magic shield,
magic regeneration, magic link, inability to read after injury 2, inability to
use devices, hated by all
a: Renounce Religion, Draw Out Power, Power Leap, Apocalypse


You were on level 1 of the Spider Nest.
You worshipped Ru.
Ru was exalted by your worship.
You visited 4 branches of the dungeon, and saw 18 of its levels.
You also visited: Bailey and Volcano.

You collected 2504 gold pieces.
You spent 313 gold pieces at shops.

Inventory:

Hand Weapons
 c - a +8 heavy demon blade (weapon)
Missiles
 f - 3 atropa-tipped darts
 h - 4 curare-tipped darts
 w - 71 poisoned darts (quivered)
 J - 8 throwing nets
 L - 11 boomerangs
 W - 2 javelins
Armour
 d - a +2 plate armour of poison resistance (worn)
 t - a +0 pair of boots (worn)
 B - a +1 cloak (worn)
 C - a +0 kite shield (worn)
 N - a +1 pair of gloves (worn)
Jewellery
 a - a +4 ring of protection
 g - a ring of ice
 o - an amulet of the acrobat (around neck)
 x - a ring of protection from fire (right hand)
 y - a +4 ring of slaying (left hand)
 z - a ring of positive energy
 F - a +5 ring of evasion
Scrolls
 e - 3 scrolls of enchant armour
 j - a scroll of torment
 l - 4 scrolls of fear
 q - a scroll of magic mapping
 s - 15 scrolls of teleportation
 v - 3 scrolls of blinking
 D - 2 scrolls of brand weapon
 I - a scroll of enchant weapon {unknown}
 M - 3 scrolls of poison {unknown}
 O - 5 scrolls of immolation {unknown}
 Q - 2 scrolls of fog {unknown}
 V - 2 scrolls of vulnerability {unknown}
Potions
 b - 2 potions of brilliance
 i - 5 potions of flight
 k - 2 potions of berserk rage {unknown}
 m - 2 potions of mutation {unknown}
 n - 2 potions of resistance {unknown}
 p - 10 potions of curing
 E - 2 potions of attraction {unknown}
 G - 3 potions of cancellation {unknown}
 K - 7 potions of haste {unknown}
 P - 2 potions of magic {unknown}
 T - a potion of experience {unknown}


   Skills:
 + Level 14.4 Fighting
 - Level 14.0 Long Blades
 - Level 4.0 Throwing
 + Level 10.2 Armour
 - Level 8.0 Dodging
 - Level 10.0 Shields


You had 13 spell levels left.
You didn't know any spells.
Your spell library contained the following spells:

 Spells                   Type           Power      Damage    Failure   Level
 Apportation              Tloc           0%         N/A       100%        1
 Beastly Appendage        Tmut           0%         N/A       100%        1
 Necrotise                Necr           0%         1d4       100%        1
 Cigotuvi's Dreadful Rot  Necr/Pois/Air  0%         N/A       100%        2
 Ensorcelled Hibernation  Hex/Ice        0%         N/A       100%        2
 Wereblood                Tmut           0%         N/A       100%        2
 Ignite Poison            Fire/Tmut/Pois 0%         N/A       100%        3
 Inner Flame              Hex/Fire       0%         N/A       100%        3
 Portal Projectile        Hex/Tloc       0%         N/A       100%        3
 Spider Form              Tmut/Pois      0%         N/A       100%        3
 Vhi's Electric Charge    Tloc/Air       0%         N/A       100%        3
 Volatile Blastmotes      Fire/Tloc      0%         2d10      100%        3
 Anguish                  Hex/Necr       0%         N/A       100%        4
 Fulminant Prism          Conj/Hex       0%         3d5       100%        4
 Iskenderun's Mystic Bla  Conj/Tloc      0%         2d3       100%        4
 Leda's Liquefaction      Hex/Erth       0%         N/A       100%        4
 Olgreb's Toxic Radiance  Pois           0%         N/A       100%        4
 Alistair's Intoxication  Tmut/Pois      0%         N/A       100%        5
 Arcjolt                  Conj/Air       0%         1d10      100%        5
 Freezing Cloud           Conj/Ice/Air   0%         6-21      100%        5
 Lee's Rapid Deconstruct  Erth           0%         3d4*      100%        5
 Yara's Violent Unravell  Hex/Tmut       0%         3d3       100%        5
 Conjure Ball Lightning   Conj/Air       0%         3x3d6     100%        6
 Eringya's Noxious Bog    Tmut/Pois      0%         N/A       100%        6
 Plasma Beam              Fire/Air       0%         2x1d11    100%        6
 Statue Form              Tmut/Erth      0%         N/A       100%        6
 Enfeeble                 Hex            0%         N/A       100%        7
 Discord                  Hex            0%         N/A       100%        8
 Disjunction              Tloc           0%         N/A       100%        8
 Ignition                 Fire           0%         3d3       100%        8
 Summon Small Mammal      Summ           Unusable   N/A       N/A         1
 Call Canine Familiar     Summ           Unusable   N/A       N/A         3
 Summon Forest            Summ/Tloc      Unusable   N/A       N/A         5
 Summon Hydra             Summ           Unusable   N/A       N/A         7

Dungeon Overview and Level Annotations

Branches:
Dungeon (10/15)            Temple (0/1) D:7            Lair (5/5) D:8
  Swamp (0/4) Lair:2       Spider (1/4) Lair:3        Slime (0/5) Lair:4
    Orc (2/2) D:9             Elf (0/3) Orc:2        Bailey (visited)
Volcano (visited)

Altars:
Cheibriados
Gozag
Kikubaaqudgha
Makhleb
Ru
Sif Muna
Trog
Vehumet
Wu Jian
Xom
Lugonu

Shops:
D:2 ([!?   D:4 *   D:5 *!:::   Orc:2 !(!!

Portals:
Abyss: Lair:2

Annotations:
Lair:4 3 runed translucent doors, booth's ghost, journeyman DsMo
Orc:2 1 exclusion


Innate Abilities, Weirdness & Mutations

You have a pair of small antennae on your head.
You are partially covered in thin metallic scales. (AC +2)
You are frail. (-10% HP)
Your magical capacity is low. (-10% MP)
You are mostly covered in sharp spines.
When hurt, damage is shared between your health and your magic reserves.
You regenerate magic rapidly.
When low on magic, you restore magic in place of health.
You sometimes lose the ability to read scrolls when taking damage.
You cannot study or use magical devices.
You are hated by all.


Message History

The orb spider is poisoned.
The orb spider weaves a glowing orb of energy.
An orb of destruction comes into view.
Throw: 74 darts (poison)
Press: ? - help, Q - select action, (/) - cycle Shift-Dir - straight line, f/p - orb spider
Aim: an orb spider (lightly wounded, poisoned, 73% to hit)
You throw a poisoned dart. The poisoned dart hits the orb spider.
The orb spider looks even sicker.
The orb spider is lightly wounded.
You carefully extract the barbed spikes from your body.
Throw: 73 darts (poison)
Press: ? - help, Q - select action, (/) - cycle Shift-Dir - straight line, f/p - orb spider
Aim: an orb spider (lightly wounded, very poisoned, 73% to hit)
You throw a poisoned dart. The poisoned dart hits the orb spider!
The orb spider looks as sick as possible!
The orb spider is lightly wounded.
The orb of destruction hits you!!!
* * * LOW HITPOINT WARNING * * *
The orb spider pulsates with a strange energy.
Unknown command.
The jumping spider closely misses you.
The jumping spider completely misses you.
You are too injured to fight recklessly!
You are too injured to fight recklessly!
You are too injured to fight recklessly!
You are too injured to fight recklessly!
You slash the jumping spider!
You kill the jumping spider!
The orb spider weaves a glowing orb of energy.
An orb of destruction comes into view.
Unknown command.
Throw: 72 darts (poison)
Press: ? - help, Q - select action, (/) - cycle Shift-Dir - straight line, f/p - orb spider
Aim: an orb spider (severely wounded, extremely poisoned, 73% to hit)
You throw a poisoned dart. The poisoned dart hits the orb spider.
The orb spider looks as sick as possible!
The orb spider is severely wounded.
You kill the orb spider!
The orb of destruction hits you!!!
You die...

.. ####.
#.#.........####...#
..#^.......... ###.#
#####.......... #.
#..†....... .
#..........
#.......... .
##.......>.
....##†.....####
......○@..#..#
......○..###.#
......(.## .#
(........ .
....^.... .
....#.....
.......(..
...#.......


There were no monsters in sight!

Vanquished Creatures
  An emperor scorpion (Spider:1)
  An orc warlord (Orc:2)
  A fire dragon (Lair:5)
  A jorogumo (Spider:1)
  5 hydras
  Erolcha (Orc:1)
  A radroach (Spider:1)
  A boulder beetle (Spider:1)
  2 two-headed ogres
  3 orc high priests
  A skyshark (Lair:2)
  A skeletal warrior (Volcano)
  A fire crab (Lair:5)
  A pharaoh ant (Spider:1)
  2 orb spiders (Spider:1)
  A bog body (Lair:2)
  An orc knight (Orc:2)
  A steelbarb worm (Spider:1)
  4 anaconda skeletons (Volcano)
  8 orc sorcerers (Orc:2)
  A wolf spider (Spider:1)
  26 elephants
  5 black mambas
  2 molten gargoyles (Lair:5)
  3 demonic crawlers (Spider:1)
  2 torpor snails
  7 cane toads
  5 gargoyles (Volcano)
  3 rime drakes
  6 komodo dragons
  A polar bear (Lair:3)
  A merfolk (D:8)
  4 trolls
  A hornet (D:8)
  A tarantella (Spider:1)
  3 flying skulls (Volcano)
  5 jumping spiders (Spider:1)
  20 blink frogs
  3 harpy skeletons (Volcano)
  17 dream sheep
  A culicivora (Spider:1)
  A shadow (D:10)
  6 wyverns
  42 yaks
  9 basilisks
  A hog (D:8)
  3 steam dragons
  3 redbacks (Spider:1)
  Edmund (D:5)
  2 wargs (Orc:2)
  2 swamp worms (Lair:2)
  An acid dragon (D:9)
  14 water moccasins
  4 hell hounds (Lair:5)
  13 black bears
  30 orc warriors
  An ice beast (D:6)
  2 sky beasts
  12 wolves
  7 ogres
  6 centaurs
  4 kobold brigands
  Blork the orc (D:6)
  16 bullfrogs
  11 gnoll sergeants
  A troll skeleton (Volcano)
  11 electric eels
  A howler monkey (D:6)
  2 spriggan skeletons (Volcano)
  5 lava snakes (Lair:5)
  10 gnoll boudas
  18 orc priests
  6 hounds
  3 jellies
  5 iguanas
  30 orc wizards
  21 gnolls
  3 adders
  A shadow imp (D:7)
  A white imp (D:5)
  2 ufetubi
  3 worms
  4 dart slugs
  70 orcs
  9 endoplasms
  A giant cockroach (D:1)
  8 goblins
  3 hobgoblins
  7 jackals
  29 kobolds
  A quokka (D:3)
  5 ball pythons
  A bat (D:3)
  2 frilled lizards
  3 rats
613 creatures vanquished.

Vanquished Creatures (others)
  An ettin (D:9)
  A two-headed ogre (Orc:2)
  A skeletal warrior (Volcano)
  An elephant (Lair:5)
  A cane toad (Lair:1)
  2 yaks
  2 orc warriors
  2 orc priests
  4 orc wizards
  A naga skeleton (Volcano)
  3 orcs
  3 kobolds (D:9)
  2 lurking horrors (Lair:2)
24 creatures vanquished.

Grand Total: 637 creatures vanquished

Notes
Turn   | Place    | Note
-------+----------+-------------------------------------------
     0 | D:1      | Anandil the Demonspawn Fighter began the quest for the Orb.
     0 | D:1      | Reached XP level 1. HP: 18/18 MP: 1/1
   140 | D:1      | Gained mutation: You are partially covered in sharp spines.
                  | [demonic ancestry]
   140 | D:1      | Reached XP level 2. HP: 11/24 MP: 2/2
   250 | D:1      | You fall into a shaft and drop 1 floor!
   250 | D:2      | Found a blossoming altar of Fedhas.
   272 | D:2      | Found Tan Pioc's Magic Scroll Shop.
   276 | D:2      | Bought a scroll of identify for 20 gold pieces
   554 | D:1      | Found a faded altar of an unknown god.
   875 | D:2      | Found Ceptycs's Antique Armour Boutique.
   882 | D:2      | Found Yvafuak's Weapon Boutique.
   938 | D:2      | Found Eqush's Distillery.
  1121 | D:2      | Reached XP level 3. HP: 29/29 MP: 3/3
  1463 | D:3      | Reached skill level 1 in Throwing
  2407 | D:4      | Found a sacrificial altar of Ru.
  2473 | D:4      | Gained mutation: You regenerate magic rapidly. [demonic
                  | ancestry]
  2473 | D:4      | Reached XP level 4. HP: 30/35 MP: 4/4
  2527 | D:4      | Became a worshipper of Ru the Awakened
  2774 | D:4      | Gained mutation: You are mostly covered in sharp spines.
                  | [demonic ancestry]
  2774 | D:4      | Reached XP level 5. HP: 31/42 MP: 5/5
  3109 | D:4      | Found Aluis's Assorted Antiques.
  3381 | D:2      | Bought a glowing chain mail for 120 gold pieces
  3432 | D:5      | Entered Level 5 of the Dungeon
  3445 | D:5      | Found Biwogow's Book Emporium.
  3697 | D:5      | Noticed a yak
  3697 | D:5      | Noticed a yak
  3697 | D:5      | Noticed a yak
  3697 | D:5      | Noticed a yak
  3736 | D:4      | Killed a yak
  3737 | D:4      | Gained mutation: You are partially covered in thin metallic
                  | scales. (AC +2) [demonic ancestry]
  3737 | D:4      | Reached XP level 6. HP: 38/48 MP: 6/6
  3900 | D:4      | Killed a yak
  3901 | D:4      | Gained mutation: When hurt, damage is shared between your
                  | health and your magic reserves. [demonic ancestry]
  3901 | D:4      | Reached XP level 7. HP: 34/55 MP: 7/7
  4005 | D:5      | Found Nixt's Distillery.
  4087 | D:5      | Found Balago Coha's General Store.
  4096 | D:5      | Bought a +0 kite shield for 58 gold pieces
  4167 | D:4      | Killed a yak
  4225 | D:4      | Gained mutation: Your magical capacity is low. (-10% MP)
                  | [Ru sacrifice]
  4235 | D:4      | Killed a yak
  4313 | D:5      | Reached skill level 5 in Fighting
  4319 | D:5      | Reached XP level 8. HP: 55/62 MP: 7/7
  4454 | D:5      | Found Quygeram's Book Shoppe.
  4617 | D:5      | Noticed Edmund
  4626 | D:5      | Killed Edmund
  4677 | D:5      | Found Hagyn's Book Shop.
  4867 | D:6      | Reached skill level 5 in Armour
  4875 | D:6      | Reached skill level 5 in Shields
  5052 | D:6      | Found a basalt altar of Yredelemnul.
  5057 | D:6      | Reached skill level 5 in Long Blades
  5145 | D:6      | Gained mutation: When low on magic, you restore magic in
                  | place of health. [demonic ancestry]
  5145 | D:6      | Reached XP level 9. HP: 59/69 MP: 6/8
  5605 | D:6      | Noticed Blork the orc
  5610 | D:6      | Killed Blork the orc
  5780 | D:7      | Found a snail-covered altar of Cheibriados.
  6079 | D:7      | Found a bloodstained altar of Trog.
  6346 | D:7      | Found a staircase to the Ecumenical Temple.
  6702 | D:7      | Gained mutation: You are hated by all. [Ru sacrifice]
  6702 | D:7      | Reached * piety under Ru
  6702 | D:7      | Reached ** piety under Ru
  7415 | D:8      | Reached XP level 10. HP: 79/79 MP: 9/9
  8853 | D:8      | Noticed a two-headed ogre
  8878 | D:8      | Killed a two-headed ogre
  9105 | D:8      | Reached XP level 11. HP: 77/87 MP: 8/9
  9220 | D:8      | Found a radiant altar of Vehumet.
  9326 | D:8      | Found a staircase to the Lair.
  9817 | D:9      | Found a staircase to the Orcish Mines.
 10321 | D:9      | Gained mutation: You cannot study or use magical devices.
                  | [Ru sacrifice]
 10321 | D:9      | Reached *** piety under Ru
 10321 | D:9      | Reached **** piety under Ru
 10499 | D:9      | Found a burning altar of Makhleb.
 10633 | D:9      | Found an ornate altar of the Wu Jian Council.
 10634 | D:9      | Found a shimmering blue altar of Sif Muna.
 10634 | D:9      | Found an opulent altar of Gozag.
 10907 | D:10     | Entered Level 10 of the Dungeon
 10908 | D:10     | Identified a scroll of acquirement
 10924 | D:10     | Found a flagged portal.
 10940 | Bailey   | Entered a bailey
 10962 | Bailey   | Acquired a +8 demon blade of pain
 11564 | Bailey   | Identified the +0 rapier "Sexog" {venom, Int+4 Dex+5}
 11766 | D:10     | Noticed a two-headed ogre
 11777 | D:10     | Killed a two-headed ogre
 11916 | Orc:1    | Entered Level 1 of the Orcish Mines
 11916 | Orc:1    | Noticed an ettin
 12788 | D:10     | Gained mutation: You are frail. (-10% HP) [Ru sacrifice]
 12788 | D:10     | Reached ***** piety under Ru
 12833 | D:10     | Found an ancient bone altar of Kikubaaqudgha.
 12931 | Lair:1   | Entered Level 1 of the Lair of Beasts
 13207 | Lair:1   | Reached skill level 10 in Fighting
 13730 | Lair:2   | Found a corrupted altar of Lugonu.
 13919 | Lair:2   | Found a one-way gate to the infinite horrors of the Abyss.
 13953 | Lair:2   | Reached XP level 12. HP: 83/87 MP: 10/10
 14177 | Lair:2   | Reached skill level 10 in Armour
 14186 | Lair:2   | Reached skill level 10 in Shields
 14343 | Lair:2   | Reached skill level 10 in Long Blades
 15133 | Lair:2   | Found a staircase to the Swamp.
 15297 | Lair:3   | Found a dark tunnel.
 15310 | Volcano  | Entered a volcano
 16043 | Volcano  | Gained mutation: You have a pair of small antennae on your
                  | head. [demonic ancestry]
 16043 | Volcano  | Reached XP level 13. HP: 57/92 MP: 7/11
 16407 | Lair:3   | Found a hole to the Spider Nest.
 17465 | Lair:3   | Found a shimmering altar of Xom.
 17881 | Lair:4   | Reached skill level 1 in Dodging
 18648 | Lair:4   | Found a staircase to the Slime Pits.
 18662 | Lair:4   | Identified the +2 robe of Peek-a-Boo {rC+ rCorr Int+3
                  | Dex-3}
 18843 | Lair:4   | Found a runed translucent gate.
 18843 | Lair:4   | Found a runed translucent gate.
 18843 | Lair:4   | Found a runed translucent gate.
 18868 | Lair:4   | Noticed booth's ghost (journeyman DsMo)
 19553 | Lair:5   | Entered Level 5 of the Lair of Beasts
 20257 | Lair:5   | Gained mutation: You occasionally lose the ability to read
                  | scrolls when taking damage. [Ru sacrifice]
 20257 | Lair:5   | Gained mutation: You sometimes lose the ability to read
                  | scrolls when taking damage. [Ru sacrifice]
 20257 | Lair:5   | Reached ****** piety under Ru
 20680 | Lair:5   | Found a snail-covered altar of Cheibriados.
 20972 | Lair:5   | Reached skill level 5 in Dodging
 20985 | Lair:5   | Reached XP level 14. HP: 62/101 MP: 8/12
 22591 | Lair:5   | Found a large runed translucent door.
 22592 | Lair:5   | Found a large runed translucent door.
 23134 | Orc:1    | Noticed Erolcha
 23164 | Orc:1    | Killed Erolcha
 23488 | Orc:2    | Entered Level 2 of the Orcish Mines
 25396 | Orc:2    | Found a staircase to the Elven Halls.
 25411 | Orc:2    | Noticed an orc warlord
 25460 | Orc:2    | Killed an orc warlord
 25869 | Orc:2    | Paralysed by an orc sorcerer for 3 turns
 26145 | Orc:2    | Found Uhidill's Distillery.
 26145 | Orc:2    | Found Pilo's Weapon Emporium.
 26152 | Orc:2    | Found Roawar's Distillery.
 26152 | Orc:2    | Found Biugin's Distillery.
 26638 | D:2      | Bought a scroll of identify for 20 gold pieces
 26638 | D:2      | Bought a scroll of identify for 20 gold pieces
 26638 | D:2      | Bought a scroll of blinking for 75 gold pieces
 27207 | Spider:1 | Entered Level 1 of the Spider Nest
 27218 | Spider:1 | Noticed an emperor scorpion
 27227 | Spider:1 | HP: 4/94 [poisoned by a jorogumo]
 27242 | Spider:1 | Killed an emperor scorpion
 28385 | Spider:1 | Blown up by an orb spider

Illustrated notes

Levels and vault maps discovered:
D:1:      dpeg_arrival_tiny_d, layout_loops_ring,
          shapermc_ecumenical_altar_mp_highgroup
D:2:      layout_rooms, serial_shops, shop, shop, shop, shop, basic_altar,
          kennysheep_generic_room_2
D:3:      layout_loops_corners, nicolae_underground_beach
D:4:      layout_basic, marbit_many_paths, serial_shops, nicolae_diamond_shop
D:5:      layout_loops_cross, elyvilon_altar_5, serial_shops,
          nicolae_take_the_stairs, shop, shop, shop,
          nicolae_shop_advertising_works [nicolae_subvault_shop_adworks],
          uniq_edmund
D:6:      layout_loops_ring, lemuel_crystal_altar, kennysheep_doodads,
          minmay_tree_intersection, uniq_blork_the_orc
D:7:      layout_basic, amcnicky_altar_gilded,
          mainiacjoe_overflow_small_starburst, minmay_temple_entry_antechambers
D:8:      kennysheep_town
D:9:      layout_big_octagon, bloody_makhleb,
          chequers_temple_overflow_statue_of_worship
D:10:     layout_long_grid, lemuel_round_altar, enter_bailey_5, special_room
          [special_room_orc], minmay_between
Lair:1:   layout_chaotic_city, grunt_megastairs_2
Lair:2:   layout_roguey, nicolae_swamp_entry_splash_gauntlet,
          amcnicky_altar_lugonu_corruption, serial_bayou_shore_a
Lair:3:   layout_big_grid, dummy_spider_entry, lightli_volcano_entry_magma_tube,
          basic_altar
Lair:4:   layout_layer_cave, slime_entry_1, gammafunk_ghost_icy,
          serial_bayou_pond_a, lemuel_fruit_tree, infiniplex_staircase_pool_2
Lair:5:   cheibrodos_lair_end_hotspot, layout_regular_city, basic_altar
Spider:1: layout_chambers, drop_trap, nicolae_spider_eight_legs
Orc:1:    layout_caves, kennysheep_orc_chapel, uniq_erolcha
Orc:2:    st_orc_mages, layout_diamond_mine

Skill      XL: |  1  2  3  4  5  6  7  8  9 10 11 12 13 14 |
---------------+-------------------------------------------+-----
Long Blades    | 2 3 4 5 6 7 9 12 14 | 14.0
Shields        | 3 4 5 6 8 9 10 | 10.0
Armour         | 3 4 5 6 8 9 10 | 10.2
Throwing       | 1 2 4 |  4.0
Fighting       | 4 5 6 7 8 10 11 14 | 14.4
Dodging        | 5 8 |  8.0

Action                     |  1- 3 |  4- 6 |  7- 9 | 10-12 | 13-15 || total
---------------------------+-------+-------+-------+-------+-------++-------
  Melee: Long sword        |    91 |    50 |   231 |   281 |       ||   653
         Demon blade       |       |       |       |   377 |   618 ||   995
         Great sword       |       |       |       |       |    68 ||    68
  Throw: Dart              |       |       |     8 |    62 |    37 ||   107
         Javelin           |       |       |       |       |     2 ||     2
 Invoke: Sacrifice Essence |       |       |     1 |       |       ||     1
         Sacrifice Love    |       |       |     1 |       |       ||     1
         Power Leap        |       |       |       |     1 |       ||     1
         Sacrifice Health  |       |       |       |     1 |       ||     1
         Sacrifice Artific |       |       |       |     1 |       ||     1
         Reject Sacrifices |       |       |       |     1 |       ||     1
         Draw Out Power    |       |       |       |       |     3 ||     3
         Sacrifice Words   |       |       |       |       |     1 ||     1
         Apocalypse        |       |       |       |       |     1 ||     1
  Evoke: Wand              |       |       |       |    10 |       ||    10
    Use: Scroll            |     2 |       |     3 |    11 |     5 ||    21
         Potion            |       |       |       |     3 |     2 ||     5
   Stab: Invisible         |       |       |     2 |     5 |     5 ||    12
         Distracted        |       |       |       |     6 |     4 ||    10
         Petrified         |       |       |       |     3 |     2 ||     5
         Paralysed         |       |       |       |       |     3 ||     3
 Armour: Scale mail        |    39 |    11 |       |       |       ||    50
         Chain mail        |       |     7 |   139 |   315 |   295 ||   756
         Plate armour      |       |       |       |       |    64 ||    64
  Dodge: Dodged            |    28 |    14 |    85 |   271 |   322 ||   720
  Block: Buckler           |    22 |    16 |     1 |       |       ||    39
         Kite shield       |       |       |   160 |   438 |   369 ||   967
